 Dungeon Crawl Stone Soup version 0.28.0-53-g5a82cb258f (webtiles) character file.

Game seed: 573580393926016230

144 LustLizard the Chopper (level 5, -2/47 HPs)
             Began as a Hill Orc Fighter on Aug 3, 2022.
             Slain by Ijyb
             ... wielding a +0 dagger
              (4 damage)
             ... on level 3 of the Dungeon.
             The game lasted 00:06:40 (2750 turns).

LustLizard the Chopper (Hill Orc Fighter)           Turns: 2750, Time: 00:06:41

Health: -2/47      AC:  7    Str: 19    XL:     5   Next: 27%
Magic:  5/5        EV:  7    Int: 10    God:
Gold:   6          SH:  4    Dex: 10    Spells: 4/4 levels left

rFire   . . .      SeeInvis .   a - +0 war axe
rCold   . . .      Faith    .   c - +0 buckler
rNeg    . . .      Spirit   .   n - +0 chain mail
rPois   .          Reflect  .   (no helmet)
rElec   .          Harm     .   g - +0 cloak
rCorr   .          Rampage  .   (no gloves)
Will    .....                   q - +0 pair of boots
Stlth   ..........              (no amulet)
HPRegen 0.15/turn               (no ring)
MPRegen 0.09/turn               (no ring)

@: corroded
A: no striking features
a: no special abilities


You were on level 3 of the Dungeon.
You visited 1 branch of the dungeon, and saw 4 of its levels.

You collected 94 gold pieces.
You spent 88 gold pieces at shops.

Inventory:

Hand Weapons
 a - a +0 war axe (weapon)
Missiles
 f - 166 stones (quivered)
 j - 2 poisoned darts
Armour
 b - a +0 scale mail
 c - a +0 buckler (worn)
 g - a +0 cloak (worn)
 n - a +0 chain mail (worn)
 q - a +0 pair of boots (worn)
Wands
 l - a wand of flame (13)
Scrolls
 e - a scroll of identify
 i - a scroll of teleportation
 m - a scroll of summoning {unknown}
Potions
 d - a potion of might
 h - 3 potions of curing
 k - a potion of cancellation
 o - 2 potions of heal wounds
 p - a potion of brilliance {unknown}


   Skills:
 + Level 4.4 Fighting
 * Level 4.8 Axes
 * Level 2.5 Throwing
 - Level 3.2 Armour
 - Level 3.2 Shields
 + Level 0.2 Spellcasting


You had 4 spell levels left.
You didn't know any spells.
Your spell library contained the following spells:

 Spells                   Type           Power      Damage    Failure   Level
 Call Canine Familiar     Summ           0%         N/A       100%        3
 Portal Projectile        Hex/Tloc       0%         N/A       100%        3
 Leda's Liquefaction      Hex/Erth       0%         N/A       100%        4


Dungeon Overview and Level Annotations

Branches:
Dungeon (4/15)
 Temple: D:4-7

Altars:
Ashenzari
Wu Jian
Zin

Shops:
D:3 !

Annotations:
D:3 Ijyb


Message History

The rat closely misses you.
You slash the rat!
You kill the rat!
Items here: ( ) [ รท.
f - 166 stones (gained 8) Ijyb is nearby!
Sorry, you're not good enough to have a special ability.
Ijyb shouts!
Ijyb zaps a wand.
The bolt of acid hits you!! Ijyb hits you but does no damage.
You closely miss Ijyb. Ijyb closely misses you.
You slash Ijyb!
Ijyb is moderately wounded.
Ijyb hits you but does no damage.
You hit Ijyb but do no damage.
Ijyb is moderately wounded.
Ijyb hits you with a +0 dagger.
You barely miss Ijyb.
Ijyb is moderately wounded.
Ijyb zaps a wand.
The bolt of acid misses you.
Ijyb screams, "It's all mine!"
You block Ijyb's attack.
You hit Ijyb but do no damage.
Ijyb is moderately wounded.
Ijyb hits you with a +0 dagger.
You closely miss Ijyb.
Ijyb is moderately wounded.
Ijyb zaps a wand.
The bolt of acid hits you!!
* * * LOW HITPOINT WARNING * * *
The acid corrodes you!
You closely miss Ijyb.
Ijyb is moderately wounded.
Ijyb hits you but does no damage. x2
You hit Ijyb but do no damage.
Ijyb is moderately wounded.
Ijyb hits you but does no damage.
You slash Ijyb!
Ijyb is heavily wounded.
Ijyb hits you with a +0 dagger.
You die...

##......### #.# #.#
#.....[# #.# #.# #.##.#.#
#.# #.# #....#.# #.# #.#
#.####.#########.## #.# #
#.# #...)....#.#.########.#
# ##.#
########..###.........# #
#..# #...#...##########
#..#########...g@#.# #
..........##...##.#########
#
#..######..................
#
#.........###.#############
###.#####.# #.# # #.#
#.###.# # #.# #.#...# #.# #
#.# #.#.### #.# #
###.#####.#.# #.#


You could see Ijyb.

Vanquished Creatures
  Robin (D:2)
  2 adders (D:2)
  A worm (D:3)
  6 dart slugs
  14 orcs
  5 endoplasms
  A giant cockroach (D:1)
  16 goblins
  4 hobgoblins (D:2)
  4 jackals (D:2)
  6 quokkas
  A ball python (D:3)
  8 bats
  2 frilled lizards
  2 kobolds (D:1)
  4 rats
77 creatures vanquished.

Vanquished Creatures (others)
  An orc (D:3)
  A withered plant (D:4)
2 creatures vanquished.

Grand Total: 79 creatures vanquished

Notes
Turn   | Place    | Note
-------+----------+-------------------------------------------
     0 | D:1      | LustLizard the Hill Orc Fighter began the quest for the
                  | Orb.
     0 | D:1      | Reached XP level 1. HP: 19/19 MP: 1/1
   131 | D:1      | Reached XP level 2. HP: 26/27 MP: 2/2
   151 | D:1      | Found a faded altar of an unknown god.
   237 | D:1      | Reached skill level 1 in Throwing
   454 | D:1      | Reached XP level 3. HP: 33/33 MP: 3/3
  1012 | D:2      | Identified the -5 helmet of Gint {rCorr Stlth+}
  1012 | D:2      | Noticed Robin
  1029 | D:2      | Killed Robin
  1030 | D:2      | Reached XP level 4. HP: 35/40 MP: 4/4
  1569 | D:3      | Found an ornate altar of the Wu Jian Council.
  1573 | D:3      | Found a glowing silver altar of Zin.
  1611 | D:3      | Noticed Ijyb
  1821 | D:3      | Found Nig Zuji's Distillery.
  1933 | D:3      | Reached XP level 5. HP: 42/47 MP: 5/5
  1980 | D:3      | Found a broken altar of Ashenzari.
  2072 | D:3      | Bought a potion of curing for 33 gold pieces
  2072 | D:3      | Bought a potion of heal wounds for 55 gold pieces
  2747 | D:3      | HP: 2/47 [Ijyb/bolt of acid (21)]
  2750 | D:3      | Slain by Ijyb

Illustrated notes

Levels and vault maps discovered:
D:1:      dpeg_arrival_three_same_balls, layout_basic,
          ebering_ecumenical_altar_petrified, hangedman_decor_points
D:2:      layout_rooms, uniq_robin
D:3:      layout_loops_ring, mainiacjoe_overflow_paths,
          nicolae_overflow_hidden_temple, ashenzari_altar_1, serial_shops,
          nicolae_shop_window_shopping, minmay_crystal_room, uniq_ijyb
D:4:      layout_rooms, kiku_gazebo_garden_becter, trog_hazing_becter

Skill      XL: |  1  2  3  4 |
---------------+-------------+-----
Axes           | 3 4 |  4.8
Throwing       | 1 2 |  2.5
Fighting       | 4 |  4.4
Armour         | |  3.2
Shields        | |  3.2
Spellcasting   | |  0.2

Action                   |  1- 3 |  4- 6 || total
-------------------------+-------+-------++-------
Melee: War axe           |   104 |   139 ||   243
Throw: Stone             |       |     5 ||     5
  Use: Scroll            |       |     2 ||     2
Armor: Scale mail        |    82 |    11 ||    93
       Chain mail        |       |    58 ||    58
Dodge: Dodged            |    61 |    45 ||   106
Block: Buckler           |    36 |    26 ||    62
